 Dungeon Crawl Stone Soup version 0.23.2-30-g0e89c35649 (webtiles) character file.

Game seed: 14523521534485195534

180 Hybris the Sneak (level 5, 0/25 HPs)
             Began as a Spriggan Assassin on June 2, 2019.
             Slain by an orc wizard
             ... wielding a +2 dagger of electrocution
              (2 damage)
             ... on level 3 of the Dungeon on June 15, 2019.
             The game lasted 00:14:31 (3900 turns).

Hybris the Sneak (Spriggan Assassin)                Turns: 3900, Time: 00:14:32

Health: 0/25       AC:  3    Str:  7    XL:     5   Next: 33%
Magic:  6/6        EV: 17    Int: 12    God:
Gold:   127        SH:  0    Dex: 19    Spells: 4/4 levels left

rFire    . . .     SeeInvis +   a - +2 dagger
rCold    . . .     Gourm    .   (shield restricted)
rNeg     . . .     Faith    .   c - +0 robe
rPois    .         Spirit   .   (helmet restricted)
rElec    .         Reflect  .   d - +0 cloak
rCorr    +         Harm     .   (gloves unavailable)
MR       .....                  (boots unavailable)
Stlth    ++++......             (no amulet)
HPRegen  0.08/turn              i - ring of resist corrosion
MPRegen  0.10/turn              (no ring)

@: very quick
A: very small, unfitting armour, see invisible, herbivore, speed 3, slow
metabolism 2
a: no special abilities


You were on level 3 of the Dungeon.
You were hungry.

You visited 1 branch of the dungeon, and saw 3 of its levels.

You collected 127 gold pieces.

Inventory:

Hand Weapons
 a - a +2 dagger (weapon)
 b - a +0 blowgun
 h - a +0 hunting sling {e}
Missiles
 e - 8 poisoned needles
 f - 2 curare-tipped needles
 n - 20 stones (quivered)
 s - 24 sling bullets
Armour
 c - a +0 robe (worn)
 d - a +0 cloak (worn)
Jewellery
 i - a ring of resist corrosion (left hand)
Scrolls
 j - 2 scrolls of identify {unknown}
 k - 3 scrolls of remove curse {unknown}
 l - 4 scrolls of amnesia {unknown}
 p - 5 scrolls of teleportation {unknown}
 q - a scroll of enchant weapon {unknown}
 r - a scroll of enchant armour {unknown}
 t - a scroll of blinking {unknown}
Potions
 m - a potion of curing
 o - 3 potions of heal wounds {unknown}
 u - a potion of lignification {unknown}
Comestibles
 g - 2 rations


   Skills:
 - Level 1.5 Fighting
 * Level 4.9 Short Blades
 + Level 1.9(2.5) Slings
 - Level 2.0(2.2) Throwing
 - Level 1.5 Dodging
 + Level 7.3 Stealth


You had 4 spell levels left.
You didn't know any spells.
Your spell library was empty.

Dungeon Overview and Level Annotations

Branches:
Dungeon (3/15)

Altars:


Innate Abilities, Weirdness & Mutations

You are very small and have problems with some larger weapons.
You are too small for most types of armour.
You have supernaturally acute eyesight. (SInv)
You are a herbivore.
You cover ground extremely quickly.
You need to consume almost no food.


Message History

The orc wizard shouts!
You see here a scroll labeled SIZXAM CUHITT.
Wield which item (- for none, * to show all)? (? for menu, Esc to quit)
a - a +2 dagger (weapon)
You hit the orc wizard but do no damage.
The orc wizard looks braver for a moment.
You hit the orc wizard but do no damage.
The orc wizard hits you but does no damage.
You are electrocuted!
Ouch! That really hurt!
* * * LOW HITPOINT WARNING * * *
You hit the orc wizard.
The orc wizard is moderately wounded.
You barely miss the orc wizard.
The orc wizard is moderately wounded.
The orc wizard completely misses you.
You hit the orc wizard but do no damage.
The orc wizard is moderately wounded.
The orc wizard hits you with a +2 dagger of electrocution.
You die...

########
##############......)
#.....##.?(.o.......#
#......#.########...)
#.....##.#...........
####@###.#..........รท
#o....#..........#
#######..........#
#....###....# ##..##
##(o.. #..# #..## #(
#.ro # #.... #.(..


You could see an orc wizard.

Vanquished Creatures
  An orc wizard (D:3)
  2 adders (D:2)
  7 gnolls (D:2)
  An ooze (D:3)
  2 worms (D:2)
  2 dart slugs (D:1)
  2 leopard geckos (D:2)
  3 orcs (D:3)
  8 hobgoblins
  3 jackals (D:1)
  2 quokkas
  A ball python (D:2)
  6 bats
  3 frilled lizards
  3 goblins (D:2)
  6 kobolds
  4 rats
56 creatures vanquished.

Notes
Turn   | Place    | Note
-------+----------+-------------------------------------------
     0 | D:1      | Hybris the Spriggan Assassin began the quest for the Orb.
     0 | D:1      | Reached XP level 1. HP: 10/10 MP: 2/2
   165 | D:1      | Reached skill level 6 in Stealth
   220 | D:1      | Reached XP level 2. HP: 14/14 MP: 3/3
   991 | D:2      | Reached XP level 3. HP: 18/18 MP: 4/4
  1745 | D:2      | Reached XP level 4. HP: 21/22 MP: 5/5
  1804 | D:2      | Reached skill level 1 in Slings
  2045 | D:2      | Reached skill level 7 in Stealth
  3514 | D:2      | Upgraded the game from 0.23.2-1-ga50397a to
                  | 0.23.2-30-g0e89c35649
  3578 | D:3      | Reached XP level 5. HP: 25/25 MP: 6/6
  3897 | D:3      | HP: 1/25 [orc wizard/+2 dagger of electrocution (16)]
  3900 | D:3      | Slain by an orc wizard

Skill      XL: |  1  2  3  4 |
---------------+-------------+-----
Stealth        | 6 7 |  7.3
Short Blades   | 3 4 |  4.9
Slings         | 1 |  1.9
Fighting       | |  1.5
Throwing       | |  2.0
Dodging        | |  1.5

Action                   |  1- 3 |  4- 6 || total
-------------------------+-------+-------++-------
Melee: Dagger            |    80 |    55 ||   135
 Fire: Hunting sling     |    40 |   156 ||   196
  Use: Potion            |       |     1 ||     1
 Stab: Sleeping          |    12 |       ||    12
Armor: Robe              |    16 |     9 ||    25
Dodge: Dodged            |    54 |    64 ||   118
